 Dungeon Crawl Stone Soup version 0.20.0-15-g7f486f2 (webtiles) character file.

110 renl the Insei (level 4, -1/28 HPs)
             Began as an Octopode Transmuter on July 4, 2017.
             Slain by a goblin
             ... wielding a +0 club
              (5 damage)
             ... on level 3 of the Dungeon.
             The game lasted 00:04:39 (2022 turns).

renl the Insei (Octopode Transmuter)                Turns: 2022, Time: 00:04:39

Health: -1/28      AC:  1    Str:  9    XL:     4   Next: 91%
Magic:  3/7        EV: 14    Int: 15    God:
Gold:   127        SH:  0    Dex: 13    Spells: 3/7 levels left

rFire    . . .     SeeInvis +     - Unarmed
rCold    . . .     Gourm    .   (no shield)
rNeg     . . .     Faith    .   (helmet restricted)
rPois    .         Spirit   .   (no amulet)
rElec    .         Reflect  .   g - ring of see invisible
rCorr    .         Harm     .   (no ring)
MR       .....                  (no ring)
Stlth    +++.......             (no ring)
Regen    0.1/turn               (no ring)
MPRegen  0.1/turn               (no ring)
                                (no ring)
                                (no ring)

@: very slightly contaminated
A: almost no armour, stealthy swim, amphibious, 8 rings, constrict 8, camouflage
1, gelatinous body 1
a: no special abilities


You were on level 3 of the Dungeon.
You were not hungry.

You visited 1 branch of the dungeon, and saw 3 of its levels.

You collected 127 gold pieces.

Inventory:

Missiles
 a - 12 arrows
Jewellery
 g - a ring of see invisible (left tentacle)
Scrolls
 d - a scroll of fog {unknown}
 e - a scroll of enchant armour {unknown}
 h - a scroll of remove curse {unknown}
 n - a scroll of teleportation {unknown}
Potions
 f - a potion of degeneration {unknown}
 j - a potion of haste {unknown}
 m - a potion of brilliance {unknown}
Books
 b - a book of Changes

   Spells                             Type                      Level
   a - Beastly Appendage              Transmutation                1
   b - Sticks to Snakes               Transmutation                2
   c - Spider Form                    Transmutation/Poison         3
   d - Ice Form                       Ice/Transmutation            4
   e - Blade Hands                    Transmutation                5
Comestibles
 c - a bread ration
 i - 2 royal jellies
 l - a meat ration


   Skills:
 + Level 1.1 Fighting
 + Level 2.4 Dodging
 + Level 2.0 Stealth
 * Level 4.4 Unarmed Combat
 - Level 2.0 Spellcasting
 * Level 2.7 Transmutations


You had 3 spell levels left.
You knew the following spells:

 Your Spells              Type           Power        Failure   Level  Hunger
a - Beastly Appendage     Tmut           #.....       7%          1    #......
b - Spider Form           Tmut/Pois      #.........   36%         3    ###....


Dungeon Overview and Level Annotations

Branches:
Dungeon (3/15)

Altars:


Innate Abilities, Weirdness & Mutations

You cannot wear most types of armour.
You are very stealthy in the water. (Stealth+)
You are amphibious.
You can wear up to eight rings at the same time.
You can use your tentacles to constrict eight enemies at once.
Your skin changes colour to match your surroundings (Stealth+).
Your rubbery body absorbs attacks. (AC +1, EV +1)


Message History

You kill the orc!
The gnoll misses you. The goblin hits you with a club.
You are too injured to fight recklessly!
You are too injured to fight recklessly!
You are too injured to fight recklessly!
You are too injured to fight recklessly!
You are too injured to fight recklessly!
You are too injured to fight recklessly!
Things that are here:
a flail; 4 tomahawks; an orc corpse
Casting: Spider Form
Confirm with . or Enter, or press ? or * to list all spells.
You miscast Spider Form.
You are very lightly contaminated with residual magic.
You feel sick. The goblin hits you but does no damage.
The gnoll hits you from afar with a halberd!
* * * LOW HITPOINT WARNING * * *
There is a stone staircase leading up here.
The goblin hits you with a club.
You die...

#.. ##... ..
#..###...##.##
#.....g......#
..........# #
#.g))...#
#.##.#.[.#...
#...g).....#
#.#####g##....#
.......@# ..###
#.....(.# #...
#.#.##.## ##.#
.. .. ... #.
##. .. # .. ..
.#.


You could see 2 gnolls and a goblin.

Vanquished Creatures
  4 adders (D:2)
  A gnoll (D:3)
  A worm (D:2)
  4 dart slugs
  2 leopard geckos
  5 orcs (D:3)
  A ball python (D:2)
  A giant cockroach (D:2)
  8 goblins
  6 hobgoblins
  2 quokkas (D:2)
  4 bats
  2 frilled lizards (D:2)
  3 kobolds
  3 rats
47 creatures vanquished.

Notes
Turn   | Place    | Note
-------+----------+-------------------------------------------
     0 | D:1      | renl the Octopode Transmuter began the quest for the Orb.
     0 | D:1      | Reached XP level 1. HP: 13/13 MP: 3/3
   367 | D:1      | Reached XP level 2. HP: 13/18 MP: 1/5
   897 | D:2      | Reached XP level 3. HP: 23/23 MP: 4/6
   902 | D:2      | Learned a level 3 spell: Spider Form
  1078 | D:2      | Reached skill level 1 in Stealth
  1078 | D:2      | Reached skill level 4 in Unarmed Combat
  1279 | D:2      | Reached XP level 4. HP: 28/28 MP: 7/7
  2022 | D:3      | Slain by a goblin

Skill      XL: |  1  2  3  4 |
---------------+-------------+-----
Stealth        | 1 2 |  2.0
Unarmed Combat | 4 |  4.4
Fighting       | |  1.1
Dodging        | |  2.4
Spellcasting   | |  2.0
Transmutations | |  2.7

Action                   |  1- 3 |  4- 6 || total
-------------------------+-------+-------++-------
Melee: Unarmed           |    67 |    41 ||   108
       Constrict         |    20 |     8 ||    28
       Tentacles         |    11 |     4 ||    15
       Kick              |    14 |     3 ||    17
       Punch             |     1 |     2 ||     3
 Cast: Beastly Appendage |    17 |     4 ||    21
       Spider Form       |     1 |     1 ||     2
 Stab: Sleeping          |     7 |     6 ||    13
  Eat: Chunk             |     2 |     2 ||     4
Armor: Skin              |     6 |     3 ||     9
Dodge: Dodged            |    38 |    40 ||    78
